 Dungeon Crawl Stone Soup version 0.29.0-4-gdea44cf6ec (webtiles) character file.

Game seed: 2667894581468080848

53 qw the Chopper (level 3, 0/21 HPs)
             Began as a Tengu Warper on Aug 28, 2022.
             Slain by a hobgoblin
             ... wielding a +3 whip of venom
              (3 damage)
             ... on level 2 of the Dungeon.
             The game lasted 00:00:08 (1301 turns).

qw the Chopper (Tengu Warper)                       Turns: 1301, Time: 00:00:08

Health: 0/21       AC:  3    Str: 13    XL:     3   Next: 87%
Magic:  0/7        EV: 12    Int: 13    God:
Gold:   72         SH:  0    Dex: 13    Spells: 6/6 levels left

rFire   . . .      SeeInvis .   Y - +0 hand axe
rCold   . . .      Faith    .   (no shield)
rNeg    . . .      Spirit   +   b - +0 leather armour
rPois   .          Reflect  .   (helmet restricted)
rElec   .          Harm     .   (no cloak)
rCorr   .          Rampage  .   (no gloves)
Will    .....                   (boots unavailable)
Stlth   +.........              g - amulet of guardian spirit
HPRegen 0.07/turn               (no ring)
MPRegen 0.10/turn               (no ring)

@: lethally poisoned (0 -> -16)
A: beak, talons 3
a: no special abilities


You were on level 2 of the Dungeon.
You visited 1 branch of the dungeon, and saw 2 of its levels.

You collected 72 gold pieces.


Innate Abilities, Weirdness & Mutations

You have a beak for a mouth.
You have claws for feet.


   Skills:
 - Level 2.0 Fighting
 + Level 4.5 Axes
 - Level 1.0 Throwing
 - Level 1.1 Armour
 - Level 2.1 Dodging
 - Level 2.0 Spellcasting
 - Level 2.4 Translocations


You had 6 spell levels left.
You didn't know any spells.
Your spell library contained the following spells:

 Spells                   Type           Power      Damage    Failure   Level
 Blink                    Tloc           14%        N/A       19%         2
 Gell's Gravitas          Tloc           7%         N/A       36%         3
 Lesser Beckoning         Tloc           7%         N/A       36%         3
 Teleport Other           Tloc           7%         N/A       36%         3
 Manifold Assault         Tloc           7%         N/A       98%         5

Inventory:

Hand Weapons
 i - a +0 mace
 Y - a +0 hand axe (weapon)
Armour
 b - a +0 leather armour (worn)
Jewellery
 g - an amulet of guardian spirit (around neck)
Scrolls
 c - a scroll of immolation {unknown}
 d - a scroll of acquirement {unknown}
Potions
 a - a potion of heal wounds {unknown}
 e - a potion of degeneration {unknown}
 f - 2 potions of cancellation {unknown}

Dungeon Overview and Level Annotations

Branches:
Dungeon (2/15)

Altars:


Message History

Found a stone staircase leading down.
Enter note:
d - a scroll labelled MOBBOC DUPHA You now have 72 gold pieces (gained 12).
e - a smoky ruby potion
Enter note: A bat comes into view.
Enter note: You hit the bat.
Your peck misses the bat.
The bat is heavily wounded.
The bat hits you but does no damage. The bat closely misses you.
You slash the bat!
You kill the bat!
Found a hand axe.
You see here a +0 hand axe.
A hobgoblin comes into view. It is wielding a +3 whip of venom.
The hobgoblin drinks a potion.
The hobgoblin flickers and vanishes!
Deactivating autopickup; reactivate with Ctrl-A.
You swing at nothing.
You swing at nothing.
You swing at nothing.
You swing at nothing.
You swing at nothing.
You swing at nothing.
You miss something. Something barely misses you.
You miss something. You peck something. Your punch misses something.
Something hits you.
You are poisoned.
You miss something.
You feel sick. Something hits you.
You closely miss something. Your kick misses something.
Your peck misses something.
You feel sick. Something hits you.
You are lethally poisoned!
You miss something. Your peck misses something.
You feel very sick. Something hits you.
You die...

##############
#...........)#
#.##########.#
#####.# #.#
......# #.#
####### #.#
...# #@# ###.#
#.# # #.# #$#
#..... ...
...# #.# #...#
..# ......#
.## #...... .
#..##.#


There were no monsters in sight!

Vanquished Creatures
  An adder (D:2)
  A ball python (D:1)
  5 bats
  2 endoplasms
  5 giant cockroaches (D:1)
  2 goblins (D:1)
  5 hobgoblins
  4 jackals (D:1)
  5 kobolds
  A quokka (D:1)
  3 frilled lizards (D:1)
  3 rats (D:1)
37 creatures vanquished.

Notes
Turn   | Place    | Note
-------+----------+-------------------------------------------
     0 | D:1      | qw the Tengu Warper began the quest for the Orb.
     0 | D:1      | Reached XP level 1. HP: 12/12 MP: 4/4
     0 | D:1      | 0 ||| qw: Version: 0.1-a-89-g26bdef1
     0 | D:1      | 0 ||| qw: Game counter: 1558
     0 | D:1      | 0 ||| qw: Always use a shield: true
     0 | D:1      | 0 ||| qw: God list: Okawaru
     0 | D:1      | 0 ||| qw: Allow faded altars: false
     0 | D:1      | 0 ||| qw: Do Orc after D:15 true
     0 | D:1      | 0 ||| qw: Do second Lair branch before Depths: true
     0 | D:1      | 0 ||| qw: Lair rune preference: random
     0 | D:1      | 0 ||| qw: Plans: Normal
     0 | D:1      | 0 ||| PLANNING D:1-11
     9 | D:1      | 9 ||| Stepping ~*~*~tactically~*~*~ (stealth).
    11 | D:1      | 11 ||| Stepping ~*~*~tactically~*~*~ (stealth).
    60 | D:1      | Reached XP level 2. HP: 17/17 MP: 6/6
    72 | D:1      | Reached skill level 3 in Axes
   181 | D:1      | 181 ||| Stepping ~*~*~tactically~*~*~ (stealth).
   212 | D:1      | 212 ||| Stepping ~*~*~tactically~*~*~ (stealth).
   213 | D:1      | 213 ||| Stepping ~*~*~tactically~*~*~ (stealth).
   311 | D:1      | Reached XP level 3. HP: 9/21 MP: 7/7
   430 | D:1      | 430 ||| Stepping ~*~*~tactically~*~*~ (stealth).
   431 | D:1      | 431 ||| Stepping ~*~*~tactically~*~*~ (stealth).
   440 | D:1      | 440 ||| Stepping ~*~*~tactically~*~*~ (stealth).
   443 | D:1      | 443 ||| Stepping ~*~*~tactically~*~*~ (stealth).
   495 | D:1      | Found a faded altar of an unknown god.
   502 | D:1      | 502 ||| Stepping ~*~*~tactically~*~*~ (stealth).
   503 | D:1      | 503 ||| Stepping ~*~*~tactically~*~*~ (stealth).
   551 | D:1      | Reached skill level 4 in Axes
   889 | D:1      | 889 ||| DROPPING +0 club.
   890 | D:1      | 890 ||| UPGRADING to amulet of guardian spirit.
   895 | D:1      | 895 ||| READING scroll labelled ZEUVO TYCLIZE.
   896 | D:1      | 896 ||| READING scroll labelled ESOCSY OJUET.
   897 | D:1      | 897 ||| DROPPING scroll of blinking.
   952 | D:2      | 952 ||| Stepping ~*~*~tactically~*~*~ (stealth).
   953 | D:2      | 953 ||| Stepping ~*~*~tactically~*~*~ (stealth).
  1301 | D:2      | HP: 3/21 [poisoned by a hobgoblin]
  1301 | D:2      | Slain by a hobgoblin

Levels and vault maps discovered:
D:1:      dpeg_arrival_rooms_with_view, layout_rooms,
          hellmonk_ecumenical_altar_arch_garden, minmay_worlds_worst_comb
D:2:      layout_loops_ring, basic_altar

Skill      XL: |  1  2  3 |
---------------+----------+-----
Axes           | 3 4 |  4.5
Fighting       | |  2.0
Throwing       | |  1.0
Armour         | |  1.1
Dodging        | |  2.1
Spellcasting   | |  2.0
Translocations | |  2.4

Action                   || total
-------------------------++-------
Melee: Hand axe          ||    75
       Peck              ||    12
       Kick              ||    13
Throw: Boomerang         ||     7
  Use: Scroll            ||     2
Armor: Leather armour    ||    24
Dodge: Dodged            ||    36

Table legend:
 A = Non-vault XP
 B = Vault XP
 C = Vault XP percentage of total XP
 D = Non-vault monster count
 E = Vault monster count
 F = Vault count percentage of total count
                 A         B        C        D         E       F
            +---------+---------+-------+---------+---------+-------
      Total |      65 |      11 |  14.5 |      31 |       6 |  16.2
            +---------+---------+-------+---------+---------+-------
        D:1 |      42 |      11 |  20.8 |      25 |       6 |  19.4
        D:2 |      23 |       0 |   0.0 |       6 |       0 |   0.0
            +---------+---------+-------+---------+---------+-------
